 Dungeon Crawl Stone Soup version 0.21-a0-536-gdbbf329 (webtiles) character file.

179 Amnesiac the Magician (level 5, -10/37 HPs)
             Began as a Gnoll Wizard on Dec 14, 2017.
             Mangled by a wraith (11 damage)
             ... in an ossuary.
             The game lasted 00:07:02 (1232 turns).

Amnesiac the Magician (Gnoll Wizard)                Turns: 1232, Time: 00:07:02

Health: -10/37     AC:  2    Str:  9    XL:     5   Next: 59%
Magic:  2/14       EV: 14    Int: 21    God:
Gold:   12         SH:  0    Dex: 14    Spells: 7/18 levels left

rFire    + . .     SeeInvis .   j - +1 spear (venom)
rCold    + . .     Gourm    .   (no shield)
rNeg     . . .     Faith    .   a - +0 robe
rPois    +         Spirit   .   b - +0 hat
rElec    +         Reflect  .   (no cloak)
rCorr    +         Harm     .   (no gloves)
MR       .....                  (no boots)
Stlth    +++.......             (no amulet)
HPRegen  0.12/turn              (no ring)
MPRegen  0.14/turn              (no ring)

@: resistant, flying, slowed, very slow
A: distributed training, fangs 1, strong nose
a: no special abilities


You were in an ossuary.
You were very hungry.

You visited 1 branch of the dungeon, and saw 4 of its levels.
You also visited: Ossuary.

You collected 12 gold pieces.

Inventory:

Hand Weapons
 j - a +1 spear of venom (weapon)
Missiles
 i - 11 poisoned needles
Armour
 a - a +0 robe (worn)
 b - a +0 hat (worn)
Wands
 p - a wand of random effects (23)
Scrolls
 g - 2 scrolls of teleportation {!r, unknown}
 k - 2 scrolls of remove curse {!r, unknown}
 l - a scroll of magic mapping {!r, unknown}
 n - 3 scrolls of identify {!r, unknown}
Potions
 f - a potion of resistance {!q}
 h - 2 potions of curing {!q}
 m - a potion of cancellation {!q, unknown}
 o - a potion of agility {!q, unknown}
 q - a potion of haste {!q, unknown}
Books
 c - a book of Minor Magic

   Spells                             Type                      Level
   a - Magic Dart                     Conjuration                  1
   b - Blink                          Translocation                2
   c - Call Imp                       Summoning                    2
   d - Slow                           Hexes                        2
   e - Conjure Flame                  Conjuration/Fire             3
   f - Mephitic Cloud                 Conjuration/Poison/Air       3
Comestibles
 d - 4 bread rations


   Skills:
 + Level 1.5 Fighting
 + Level 1.5 Short Blades
 + Level 1.5 Long Blades
 + Level 1.5 Axes
 + Level 1.5 Maces & Flails
 + Level 1.5 Polearms
 + Level 1.5 Staves
 + Level 1.5 Slings
 + Level 1.5 Bows
 + Level 1.5 Crossbows
 + Level 1.5 Throwing
 + Level 1.5 Armour
 + Level 4.8 Dodging
 + Level 4.4 Stealth
 + Level 1.5 Shields
 + Level 1.5 Unarmed Combat
 + Level 7.3 Spellcasting
 + Level 2.4 Conjurations
 + Level 1.2 Hexes
 + Level 1.2 Charms
 + Level 2.4 Summonings
 + Level 1.2 Necromancy
 + Level 2.4 Translocations
 + Level 1.2 Transmutations
 + Level 1.2 Fire Magic
 + Level 1.2 Ice Magic
 + Level 1.2 Air Magic
 + Level 1.2 Earth Magic
 + Level 1.2 Poison Magic
 + Level 1.7 Invocations
 + Level 1.5 Evocations


You had 7 spell levels left.
You knew the following spells:

 Your Spells              Type           Power        Failure   Level  Hunger
a - Magic Dart            Conj           ###.         3%          1    None
b - Call Imp              Summ           ###.....     4%          2    None
e - Mephitic Cloud        Conj/Pois/Air  ##......     13%         3    None
s - Conjure Flame         Conj/Fire      ###.....     12%         3    None
v - Blink                 Tloc           N/A          4%          2    None


Dungeon Overview and Level Annotations

Branches:
Dungeon (4/15)
 Temple: D:4-7

Altars:
Trog

Annotations:
D:4 Dowan


Innate Abilities, Weirdness & Mutations

Your experience applies equally to all skills.
You have very sharp teeth.
Your uncanny sense of smell can sniff out nearby items.


Message History

Aim: a wraith (almost destroyed)
You reach to attack!
You hit the wraith.
The wraith is almost destroyed.
Attack whom?
Press: ? - help, Dir - move target cursor, f/p - wraith
Aim: a wraith (almost destroyed)
You reach to attack!
You barely miss the wraith.
The wraith is almost destroyed.
Casting: Conjure Flame
Confirm with . or Enter, or press ? or * to list all spells.
Aiming: Conjure Flame
Press: ? - help, Dir - move target cursor, p - wraith You miscast Conjure Flame.
You are very lightly contaminated with residual magic.
Nothing appears to happen.
There is an open door here.
There is an open door here.
Your magical contamination has completely faded away.
There is an open door here.
You closely miss the wraith.
The wraith is almost destroyed.
The wraith hits you!
* * * LOW HITPOINT WARNING * * *
The wraith drains your vigour!
You feel yourself slow down.
Really quaff
h - 3 bubbling white potions {!q}?
It was a potion of curing {!q}.
You feel better. The wraith hits you.
* * * LOW HITPOINT WARNING * * *
The wraith hits you!
* * * LOW HITPOINT WARNING * * *
The wraith drains your vigour!
You feel as though you will be slow longer.
Casting: Conjure Flame
Confirm with . or Enter, or press ? or * to list all spells.
A beastly little devil appears in a puff of frigid air.
The wraith hits your white imp.
Really quaff
f - 2 fizzy blue potions {!q}?
Okay, then.
The wraith hits your white imp.
The wraith closely misses your white imp.
Really quaff
f - 2 fizzy blue potions {!q}? [Y]es or [N]o only, please.
Really quaff
f - 2 fizzy blue potions {!q}?
It was a potion of resistance {!q}.
You feel protected. The wraith hits your white imp!
Your white imp dies!
Casting: Call Imp
Confirm with . or Enter, or press ? or * to list all spells.
You blink.
Casting: Blink
Confirm with . or Enter, or press ? or * to list all spells.
You blink.
The wraith barely misses you.
Casting: Blink
Confirm with . or Enter, or press ? or * to list all spells.
Okay, then.
Really quaff
e - a ruby potion {!q}?
It was a potion of flight {!q}.
You feel very buoyant.
You fly up into the air.
The wraith hits you!
* * * LOW HITPOINT WARNING * * *
The wraith drains your vigour!
You feel as though you will be slow longer.
The wraith hits you!
You die...

#............#.###.......
##..........###...#...∩..
##.......#.# ######.....
##.....#### ###...
##...## ##.# ###'### ##
#.'.'.# ###.### #.'WW@#
###.### #.'.'.# ###.###
#.'.'.# ###.### #.'.'.#
###.### ###'###


You could see 2 wraiths.

Vanquished Creatures
  An ogre (D:4)
  A wight (Ossuary)
  3 gnolls (D:4)
  2 dart slugs (D:1)
  A leopard gecko (D:1)
  5 goblins
  A hobgoblin (D:1)
  2 kobolds
  A ball python skeleton (Ossuary)
  3 bats
  A frilled lizard (D:4)
  A hobgoblin skeleton (Ossuary)
  3 hobgoblin zombies (Ossuary)
  2 kobold zombies (Ossuary)
  An orc skeleton (Ossuary)
  2 orc zombies (Ossuary)
  5 rats
35 creatures vanquished.

Notes
Turn   | Place    | Note
-------+----------+-------------------------------------------
     0 | D:1      | Amnesiac the Gnoll Wizard began the quest for the Orb.
     0 | D:1      | Reached XP level 1. HP: 13/13 MP: 8/8
   195 | D:1      | Reached XP level 2. HP: 19/19 MP: 2/10
   248 | D:1      | Learned a level 2 spell: Blink
   251 | D:1      | Learned a level 2 spell: Call Imp
   474 | D:2      | Reached XP level 3. HP: 25/25 MP: 6/11
   479 | D:2      | Learned a level 3 spell: Conjure Flame
   483 | D:2      | Learned a level 3 spell: Mephitic Cloud
   492 | D:2      | Found a bloodstained altar of Trog.
   530 | D:4      | Reached skill level 1 in Invocations
   564 | D:4      | Noticed an ogre
   593 | D:4      | Killed an ogre
   593 | D:4      | Reached skill level 1 in Fighting
   593 | D:4      | Reached skill level 1 in Short Blades
   593 | D:4      | Reached skill level 1 in Long Blades
   593 | D:4      | Reached skill level 1 in Axes
   593 | D:4      | Reached skill level 1 in Maces & Flails
   593 | D:4      | Reached skill level 1 in Polearms
   593 | D:4      | Reached skill level 1 in Staves
   593 | D:4      | Reached skill level 1 in Slings
   593 | D:4      | Reached skill level 1 in Bows
   593 | D:4      | Reached skill level 1 in Crossbows
   593 | D:4      | Reached skill level 1 in Throwing
   593 | D:4      | Reached skill level 1 in Armour
   593 | D:4      | Reached skill level 1 in Shields
   593 | D:4      | Reached skill level 1 in Unarmed Combat
   593 | D:4      | Reached skill level 1 in Hexes
   593 | D:4      | Reached skill level 1 in Charms
   593 | D:4      | Reached skill level 1 in Necromancy
   593 | D:4      | Reached skill level 1 in Transmutations
   593 | D:4      | Reached skill level 1 in Fire Magic
   593 | D:4      | Reached skill level 1 in Ice Magic
   593 | D:4      | Reached skill level 1 in Air Magic
   593 | D:4      | Reached skill level 1 in Earth Magic
   593 | D:4      | Reached skill level 1 in Poison Magic
   593 | D:4      | Reached skill level 1 in Evocations
   593 | D:4      | Reached XP level 4. HP: 30/32 MP: 5/13
   593 | D:4      | Reached XP level 5. HP: 34/37 MP: 5/14
   624 | D:4      | Found a sand-covered staircase.
   632 | D:4      | Noticed Dowan
   635 | Ossuary  | Entered an ossuary
   740 | Ossuary  | Noticed a wraith
   740 | Ossuary  | Noticed a flying skull
   746 | Ossuary  | Noticed a flying skull
   747 | Ossuary  | Noticed a flying skull
   772 | Ossuary  | Noticed a flying skull
   779 | Ossuary  | Noticed a wraith
   972 | Ossuary  | Noticed a wraith
  1232 | Ossuary  | HP: 1/37 [wraith (10)]
  1232 | Ossuary  | Mangled by a wraith

Vault maps used:
D:1:      minmay_arrival_five_plusses
D:2:      trog_hazing_becter
D:3:      first_bread, supply_closet_lemuel, doesnt_xom_only_xom
D:4:      lightli_temple_of_fire, lightli_ossuary_entry_decrepit_ruins,
          uniq_duvessa
Ossuary:  ossuary_due_cavern

Skill      XL: |  1  2  3 |
---------------+----------+-----
Conjurations   | 2 |  2.4
Summonings     | 2 |  2.4
Translocations | 2 |  2.4
Invocations    | 1 |  1.7
Fighting       | 1 |  1.5
Short Blades   | 1 |  1.5
Long Blades    | 1 |  1.5
Axes           | 1 |  1.5
Maces & Flails | 1 |  1.5
Polearms       | 1 |  1.5
Staves         | 1 |  1.5
Slings         | 1 |  1.5
Bows           | 1 |  1.5
Crossbows      | 1 |  1.5
Throwing       | 1 |  1.5
Armour         | 1 |  1.5
Shields        | 1 |  1.5
Unarmed Combat | 1 |  1.5
Hexes          | 1 |  1.2
Charms         | 1 |  1.2
Necromancy     | 1 |  1.2
Transmutations | 1 |  1.2
Fire Magic     | 1 |  1.2
Ice Magic      | 1 |  1.2
Air Magic      | 1 |  1.2
Earth Magic    | 1 |  1.2
Poison Magic   | 1 |  1.2
Evocations     | 1 |  1.5
Dodging        | |  4.8
Stealth        | |  4.4
Spellcasting   | |  7.3

Action                   |  1- 3 |  4- 6 || total
-------------------------+-------+-------++-------
Melee: Spear             |     7 |   108 ||   115
       Bite              |     2 |     3 ||     5
 Cast: Magic Dart        |    43 |     9 ||    52
       Mephitic Cloud    |     3 |       ||     3
       Conjure Flame     |       |     9 ||     9
       Call Imp          |       |     7 ||     7
       Blink             |       |     5 ||     5
Evoke: Wand              |       |     1 ||     1
  Use: Potion            |       |     3 ||     3
 Stab: Sleeping          |       |     6 ||     6
Armor: Robe              |     3 |     2 ||     5
Dodge: Dodged            |    13 |    23 ||    36

Table legend:
 A = Spawn XP
 B = Non-spawn XP
 C = Spawn XP percentage of total XP
 D = Spawn monster count
 E = Non-spawn monster count
 F = Spawn count percentage of total count
 G = Total turns spent on level
                    A         B        C        D         E        F      G
               +---------+---------+-------+---------+---------+-------+---------
         Total |       0 |     257 |   0.0 |       0 |      35 |   0.0 |  1232
               +---------+---------+-------+---------+---------+-------+---------
           D:1 |       0 |      25 |   0.0 |       0 |      12 |   0.0 |   315
           D:2 |       0 |      10 |   0.0 |       0 |       7 |   0.0 |   191
           D:4 |       0 |     153 |   0.0 |       0 |       5 |   0.0 |   126
       Ossuary |       0 |      69 |   0.0 |       0 |      11 |   0.0 |   597
               +---------+---------+-------+---------+---------+-------+---------
